 Dungeon Crawl Stone Soup version 0.32-a0-42-ga30500b4d3 (webtiles) character file.

Game seed: 16274192806056027018

493 KKCryptic the Ruffian (level 6, -12/43 HPs)
             Began as a Demonspawn Shapeshifter on Jan 27, 2024.
             Mangled by an ogre
             ... wielding a +0 giant club
              (27 damage)
             ... on level 4 of the Dungeon.
             The game lasted 00:12:04 (3212 turns).

KKCryptic the Ruffian (Demonspawn Shapeshifter)     Turns: 3212, Time: 00:12:05

Health: -12/43     AC:  6    Str: 16    XL:     6   Next: 92%
Magic:  6/6        EV:  9    Int: 11    God:
Gold:   204        SH:  0    Dex: 12    Spells: 5/5 levels left

rFire   . .          .
                       - Unarmed
rCold   . . .        (no shield)
rNeg    . . .        k - +0 scale mail
rPois   .            (helmet currently unavailable)
rElec   .            (cloak currently unavailable)
rCorr   .            (gloves currently unavailable)
SInv    .            (boots currently unavailable)
Will    .....        (no amulet) Stlth
                     g - +4 ring of slaying
HPRegen 0.27/turn    (no ring)
MPRegen 0.10/turn

%: no passive effects
@: beast-form
A: beast (slay +2), horns 1, demonic guardian 1, spiny 1
a: Begin Untransformation


You were on level 4 of the Dungeon.
You were a hulking beast.
You visited 1 branch of the dungeon, and saw 4 of its levels.

You collected 204 gold pieces.

Inventory:

Missiles
 s - a boomerang (quivered)
Armour
 a - a +0 animal skin
 k - a +0 scale mail (worn)
Jewellery
 g - a +4 ring of slaying (left hand)
Talismans
 c - a beast talisman
 d - a flux talisman
Wands
 p - a wand of paralysis (10)
Scrolls
 f - 4 scrolls of vulnerability
 h - 5 scrolls of identify
 j - 2 scrolls of fear {unknown}
 m - 2 scrolls of brand weapon {unknown}
 n - a scroll of enchant armour {unknown}
 q - a scroll of blinking {unknown}
 t - a scroll of immolation {unknown}
Potions
 b - a potion of lignification
 e - 2 potions of degeneration {unknown}
 i - 2 potions of might
 l - a potion of haste {unknown}
 o - 2 potions of cancellation {unknown}
 r - a potion of heal wounds {unknown}
 u - a potion of attraction {unknown}


   Skills:
 - Level 1.0 Fighting
 - Level 1.7 Dodging
 + Level 5.4 Unarmed Combat
 + Level 5.0 Shapeshifting


You had 5 spell levels left.
You didn't know any spells.
Your spell library contained the following spells:

 Spells                   Type           Power      Damage    Failure   Level
 Apportation              Tloc           0%         N/A       80%         1
 Jinxbite                 Hex            0%         N/A       90%         2
 Call Canine Familiar     Summ           0%         N/A       99%         3
 Sigil of Binding         Hex            0%         N/A       99%         3
 Dimensional Bullseye     Hex/Tloc       0%         N/A       100%        4
 Alistair's Intoxication  Alch           0%         N/A       100%        5


Dungeon Overview and Level Annotations

Branches:
Dungeon (4/15)             Temple (0/1) D:4

Altars:


Innate Abilities, Weirdness & Mutations

You are a hulking beast.
Your limbs bulge with bestial killing power. (Slay +2)
You have a pair of small horns on your head.
A weak demonic guardian rushes to your aid.
You are partially covered in sharp spines.


Message History

Press: ? - help, Q - select action, (/) - cycle Shift-Dir - straight line, f/p - adder
Aim: an adder (moderately wounded, 46% to hit)
You throw a boomerang. The boomerang hits the adder.
The adder is severely wounded.
The adder is struck by your spines.
You kill the adder!
Found a ring mail.
You see here a +0 ring mail.
u - a purple potion An ogre comes into view.
It is wielding a +0 giant club.
The ogre shouts!
Throw: boomerang
Press: ? - help, Q - select action, (/) - cycle Shift-Dir - straight line, f - ogre
Aim: an ogre, wielding a +0 giant club (76% to hit)
You throw a boomerang. The boomerang barely misses the ogre.
Throw: boomerang
Press: ? - help, Q - select action, (/) - cycle Shift-Dir - straight line, f/p - ogre
Aim: an ogre, wielding a +0 giant club (77% to hit)
You throw a boomerang. The boomerang hits the ogre.
The ogre is lightly wounded.
Throw: boomerang
Press: ? - help, Q - select action, (/) - cycle Shift-Dir - straight line, f/p - ogre
Aim: an ogre, wielding a +0 giant club (lightly wounded, 77% to hit)
You throw a boomerang. The boomerang hits the ogre.
The ogre is moderately wounded.
Throw: boomerang
Press: ? - help, Q - select action, (/) - cycle Shift-Dir - straight line, f/p - ogre
Aim: an ogre, wielding a +0 giant club (moderately wounded, 77% to hit)
You throw a boomerang. The boomerang hits the ogre.
The ogre is heavily wounded.
The ogre is struck by your spines.
The ogre hits you with a +0 giant club!!
Ouch! That really hurt!
A demonic guardian appears!
You barely miss the ogre. Your headbutt misses the ogre.
The ogre is heavily wounded.
The ogre attacks as it pursues you!
The ogre hits you with a +0 giant club!!
Ouch! That really hurt!
You die...

...........# .........
...........# .........
...........# .........
...........#............
...........#............
......5....#...........†
...........#............
#O...#............
#h...#............
#....#..).........
#....#............
.######....#............
...........#............
...........#............
...........#............
...........#.##..##.....
###....####'##..##.....


You could see an ogre (ally target) and a friendly white imp (summoned).

Vanquished Creatures
  A phantom (D:4)
  2 bombardier beetles
  2 orc priests (D:4)
  Terence (D:2)
  3 orc wizards (D:4)
  4 gnolls (D:4)
  4 adders
  3 dart slugs
  15 orcs
  8 bats
  5 endoplasms
  5 giant cockroaches
  8 goblins
  8 hobgoblins
  4 jackals (D:2)
  9 kobolds
  3 quokkas
  8 ball pythons
  6 frilled lizards
  10 rats
109 creatures vanquished.

Vanquished Creatures (collateral kills)
  An orc (D:4)
1 creature vanquished.

Grand Total: 110 creatures vanquished

Notes
Turn   | Place    | Note
-------+----------+-------------------------------------------
     0 | D:1      | KKCryptic the Demonspawn Shapeshifter began the quest for
                  | the Orb.
     0 | D:1      | Reached XP level 1. HP: 15/15 MP: 1/1
   155 | D:1      | Gained mutation: You are partially covered in sharp spines.
                  | [demonic ancestry]
   155 | D:1      | Reached XP level 2. HP: 16/21 MP: 2/2
   622 | D:1      | Gained mutation: You have a pair of small horns on your
                  | head. [demonic ancestry]
   622 | D:1      | Reached XP level 3. HP: 24/26 MP: 3/3
  1111 | D:2      | Reached XP level 4. HP: 32/32 MP: 4/4
  1456 | D:2      | Noticed Terence
  1462 | D:2      | Killed Terence
  1463 | D:2      | Reached XP level 5. HP: 27/37 MP: 5/5
  2507 | D:4      | Noticed a phantom
  2520 | D:4      | Killed a phantom
  2521 | D:4      | Gained mutation: A weak demonic guardian rushes to your
                  | aid. [demonic ancestry]
  2521 | D:4      | Reached XP level 6. HP: 25/43 MP: 6/6
  2705 | D:4      | Reached skill level 5 in Unarmed Combat
  2903 | D:4      | Reached skill level 5 in Shapeshifting
  3003 | D:4      | Found a staircase to the Ecumenical Temple.
  3212 | D:4      | Mangled by an ogre

Illustrated notes

Levels and vault maps discovered:
D:1:      dpeg_arrival_round_a, layout_basic
D:2:      minmay_angry_zag, layout_loops_ring, minmay_pentomino_x2, uniq_terence
D:3:      layout_basic
D:4:      layout_gridville, temple_fountains, serial_rivers,
          chequers_serial_rivers_micro_c, chequers_serial_rivers_micro_a,
          chequers_serial_rivers_micro_a, chequers_serial_rivers_large_a,
          chequers_serial_rivers_room_b, chequers_serial_rivers_micro_a,
          eino_small_chamber_without_monster

Skill      XL: |  1  2  3  4  5  6 |
---------------+-------------------+-----
Unarmed Combat | 3 4 5 |  5.4
Shapeshifting  | 3 4 5 |  5.0
Fighting       | |  1.0
Dodging        | |  1.7

Action                     |  1- 3 |  4- 6 || total
---------------------------+-------+-------++-------
  Melee: Unarmed           |    63 |    98 ||   161
         Punch             |     1 |     3 ||     4
         Headbutt          |     2 |    14 ||    16
  Throw: Boomerang         |       |    20 ||    20
    Use: Scroll            |       |     2 ||     2
 Armour: Animal skin       |    21 |       ||    21
         Scale mail        |     4 |    44 ||    48
  Dodge: Dodged            |    30 |    26 ||    56

Table legend: (Time is in decaauts)
 A = Elapsed time spent in this place.
 B = Non-inter-level travel time spent in this place.
 C = Inter-level travel time spent in this place.
 D = Time resting spent in this place.
 E = Time spent auto-exploring this place.
 F = Levels seen in this place.
 G = Mean time per level.
                   A        B        C        D        E       F      G
               +--------+--------+--------+--------+--------+-----+--------+
         Total |   3207 |   3142 |     65 |    222 |   2334 |   4 |  801.8 |
       Dungeon |   3207 |   3142 |     65 |    222 |   2334 |   4 |  801.8 |
               +--------+--------+--------+--------+--------+-----+--------+

Top non-repeatable levels by time:
     D:1: 924 daAuts
     D:3: 843 daAuts
     D:2: 727 daAuts
     D:4: 711 daAuts
